 Dungeon Crawl Stone Soup version 0.28.0-43-g3370ac3207 (webtiles) character file.

Game seed: 14010218548806590556

46 ZappyNine the Cutter (level 3, 0/35 HPs)
             Began as a Gnoll Cinder Acolyte on Mar 14, 2022.
             Was a High Priest of Ignis.
             Slain by an orc
             ... wielding a +0 whip
              (4 damage)
             ... on level 2 of the Dungeon.
             The game lasted 00:01:47 (1665 turns).

ZappyNine the Cutter (Gnoll Cinder Acolyte)         Turns: 1665, Time: 00:01:48

Health: 0/35       AC:  2    Str: 13    XL:     3   Next: 66%
Magic:  7/7        EV: 11    Int: 13    God:    Ignis [*****.]
Gold:   86         SH:  0    Dex:  9    Spells: 7/7 levels left

rFire   + . .      SeeInvis .   f - +2 hand axe (flame)
rCold   . . .      Faith    .   (no shield)
rNeg    . . .      Spirit   .   b - +0 robe
rPois   .          Reflect  .   (no helmet)
rElec   .          Harm     .   (no cloak)
rCorr   .          Rampage  .   (no gloves)
Will    .....                   (no boots)
Stlth   +.........              (no amulet)
HPRegen 0.11/turn               (no ring)
MPRegen 0.10/turn               (no ring)

@: no status effects
A: fangs 1, strong nose, distributed training
a: Renounce Religion, Fiery Armour, Foxfire Swarm, Rising Flame


You were on level 2 of the Dungeon.
You worshipped Ignis.
Ignis was extremely pleased with you.
You visited 1 branch of the dungeon, and saw 2 of its levels.

You collected 119 gold pieces.
You spent 33 gold pieces at shops.

Inventory:

Hand Weapons
 a - a -1 short sword of flaming
 f - a +2 hand axe of flaming (weapon)
Armour
 b - a +0 robe (worn)
Scrolls
 c - 3 scrolls of summoning {unknown}
 g - a scroll of fog {unknown}
 h - a scroll of immolation {unknown}
 i - a scroll of identify {unknown}
 j - a scroll of blinking {unknown}
 l - 2 scrolls of amnesia {unknown}
 o - a scroll of fear {unknown}
Potions
 d - 3 potions of curing
 e - a potion of lignification {unknown}
 k - 2 potions of brilliance {unknown}
 m - a potion of flight {unknown}
 n - 2 potions of cancellation {unknown}


   Skills:
 + Level 6.5 Fighting
 + Level 6.5 Short Blades
 + Level 0.9 Long Blades
 + Level 0.9 Axes
 + Level 0.9 Maces & Flails
 + Level 0.9 Polearms
 + Level 0.9 Staves
 + Level 0.9 Slings
 + Level 0.9 Bows
 + Level 0.9 Crossbows
 + Level 0.9 Throwing
 + Level 0.9 Armour
 + Level 0.9 Dodging
 + Level 0.9 Stealth
 + Level 0.9 Shields
 + Level 0.9 Unarmed Combat
 + Level 2.8 Spellcasting
 + Level 0.6 Conjurations
 + Level 0.6 Hexes
 + Level 0.6 Summonings
 + Level 0.6 Necromancy
 + Level 0.6 Translocations
 + Level 0.6 Transmutations
 + Level 5.4 Fire Magic
 + Level 0.6 Ice Magic
 + Level 0.6 Air Magic
 + Level 0.6 Earth Magic
 + Level 0.6 Poison Magic
 + Level 1.0 Invocations
 + Level 0.9 Evocations


You had 7 spell levels left.
You didn't know any spells.
Your spell library contained the following spells:

 Spells                   Type           Power      Damage    Failure   Level
 Scorch                   Fire           32%        2d6       3%          2


Dungeon Overview and Level Annotations

Branches:
Dungeon (2/15)

Altars:

Shops:
D:1 :   D:2 !


Innate Abilities, Weirdness & Mutations

You have very sharp teeth.
Your uncanny sense of smell can sniff out nearby items.
Your experience applies equally to all skills.


Message History

You barely miss the orc priest. You barely miss the orc.
The orc barely misses you. The orc priest completely misses you.
You barely miss the orc priest. You hit the orc. You burn the orc.
The orc hits you with a +0 whip.
The orc priest mumbles some strange prayers to Beogh against you.
Beogh smites you!
You are too injured to fight recklessly!
You are too injured to fight recklessly!
You are too injured to fight recklessly!
You are too injured to fight recklessly!
You are too injured to fight recklessly!
You are too injured to fight recklessly!
You are too injured to fight recklessly!
You are too injured to fight recklessly!
You are too injured to fight recklessly!
You are too injured to fight recklessly!
You are too injured to fight recklessly!
You are too injured to fight recklessly!
You are too injured to fight recklessly!
You are too injured to fight recklessly!
You are too injured to fight recklessly!
You are too injured to fight recklessly!
You are too injured to fight recklessly!
You are too injured to fight recklessly!
You are too injured to fight recklessly!
Unknown command.
You hit the orc priest but do no damage.
You closely miss the orc. The orc hits you with a +0 whip.
The orc priest barely misses you.
Unknown command.
Unknown command.
You hit the orc priest. You burn the orc priest.
You bite the orc priest, but do no damage.
The orc priest is lightly wounded.
You hit the orc. You burn the orc. The orc hits you with a +0 whip.
The orc priest invokes the aid of Beogh against you.
Pain shoots through your body!
* * * LOW HITPOINT WARNING * * *
The orc hits you with a +0 whip.
You die...

....#.............#
####.#####
###.#.#####..####.#
#.# #...# ###..# #
#.# ##### #...># .#
#.. # #.#### .###
### # #.#
#####...### # #.#
#.......... # #(#
#.#.......# # #.#
#.#@8...8.#
#.####.#ooo....#
#...##.#o......#
###.##.#.......#
#.##.#.8...8.#
##'##.#.......#
####
#.....##.....##
...###
#.....###$⌠$##
.....#
#......######


You could see an orc priest and 3 orcs.

Vanquished Creatures
  An adder (D:2)
  A worm (D:2)
  A dart slug (D:2)
  An orc (D:2)
  4 bats
  An endoplasm (D:2)
  A giant cockroach (D:2)
  3 goblins
  5 hobgoblins (D:1)
  2 quokkas
  6 ball pythons
  2 kobolds
  A rat (D:2)
29 creatures vanquished.

Notes
Turn   | Place    | Note
-------+----------+-------------------------------------------
     0 | D:1      | ZappyNine the Gnoll Cinder Acolyte began the quest for the
                  | Orb.
     0 | D:1      | Reached XP level 1. HP: 23/23 MP: 4/4
    47 | D:1      | Found Lynwum's Book Shop.
   119 | D:1      | Reached XP level 2. HP: 27/29 MP: 5/5
   976 | D:2      | Found a faded altar of an unknown god.
  1161 | D:2      | Reached XP level 3. HP: 22/35 MP: 7/7
  1275 | D:2      | Found Saelumiu's Distillery.
  1379 | D:2      | Bought a potion of curing for 33 gold pieces
  1398 | D:2      | Reached skill level 1 in Invocations
  1665 | D:2      | Slain by an orc

Illustrated notes

Levels and vault maps discovered:
D:1:      roderic_crossed_star, layout_loops_ring, serial_shops, shop,
          minmay_nonomino_d4
D:2:      cheibrodos_pilgrimage, layout_basic,
          chequers_ecumenical_altar_simple_redux, serial_shops,
          nicolae_shop_advertising_works [nicolae_subvault_shop_adworks],
          serial_bayou_pond_e

Skill      XL: |  1  2  3 |
---------------+----------+-----
Invocations    | 1 |  1.0
Fighting       | |  6.5
Short Blades   | |  6.5
Long Blades    | |  0.9
Axes           | |  0.9
Maces & Flails | |  0.9
Polearms       | |  0.9
Staves         | |  0.9
Slings         | |  0.9
Bows           | |  0.9
Crossbows      | |  0.9
Throwing       | |  0.9
Armour         | |  0.9
Dodging        | |  0.9
Stealth        | |  0.9
Shields        | |  0.9
Unarmed Combat | |  0.9
Spellcasting   | |  2.8
Conjurations   | |  0.6
Hexes          | |  0.6
Summonings     | |  0.6
Necromancy     | |  0.6
Translocations | |  0.6
Transmutations | |  0.6
Fire Magic     | |  5.4
Ice Magic      | |  0.6
Air Magic      | |  0.6
Earth Magic    | |  0.6
Poison Magic   | |  0.6
Evocations     | |  0.9

Action                   || total
-------------------------++-------
Melee: Short sword       ||    22
       Bite              ||     7
       Hand axe          ||    52
 Stab: Sleeping          ||     1
Armor: Robe              ||    14
Dodge: Dodged            ||    38
